AoeStats
← Oldspice

Arena

510418133Analyzed
3v3 RM · 1d ago on Sep 30, 2026· 58m 23s· 6 players
Game mode
Random Map
Map size
Normal (6 player)
Population
200
Speed
Normal
Resources
Standard
Victory
Conquest
Starting age
Dark Age
Ending age
Imperial Age
RankedLock teamsTeams togetherTeam positionsShared explorationLock speedFull tech treeHidden civsTurbo modeCheats
Victory
Defeat
🇨🇦 Gurjaras · Canada
1587
+16
🇺🇸 Tatars · United States
1563
+17
🇺🇸 Koreans · United States
1525
+17
🇺🇸 Malians · United States
1805
-26
🇲🇽 Maya · Mexico
1514
-14
🇬🇧 Britons · United Kingdom
1409
-10
FYI Inc
6:09 Loom
8:20 Feudal Age
8:55 Double-Bit Axe
13:20 Fletching
14:38 Wheelbarrow
21:40 Castle Age
20:17 Stone Mining
21:10 Horse Collar
22:20 Bodkin Arrow
23:34 Bow Saw
23:56 Town Watch
24:27 Scale Mail Armor
25:57 Squires
29:40 Scale Barding Armor
30:26 Heavy Plow
30:17 Gold Mining
31:27 Bloodlines
31:46 Husbandry
32:04 Forging
33:33 Iron Casting
34:05 Gold Shaft Mining
34:52 Chain Barding Armor
37:35 Chain Barding Armor
39:40 Hand Cart
43:30 Imperial Age
43:31 Heavy Camel Rider
44:47 Plate Barding Armor
45:09 Guilds
45:36 Conscription
45:21 Farimba
48:01 Light Cavalry
52:44 Crop Rotation
53:04 Caravan
Manu
0:37 Loom
10:40 Feudal Age
14:52 Castle Age
12:52 Double-Bit Axe
13:57 Horse Collar
15:36 Town Watch
17:11 Bow Saw
18:00 Heavy Plow
21:24 Fletching
23:49 Wheelbarrow
23:56 Gold Mining
26:24 Ballistics
29:28 Imperial Age
27:16 Bodkin Arrow
27:31 Padded Archer Armor
29:46 Leather Archer Armor
30:15 Bracer
31:17 Chemistry
30:24 Thumb Ring
31:31 Two-Man Saw
31:36 Conscription
32:06 Murder Holes
32:53 Leather Archer Armor
32:20 Treadmill Crane
33:21 Masonry
34:36 Hand Cart
34:43 Fortified Wall
36:32 Hoardings
36:17 Stone Mining
37:17 Ring Archer Armor
39:02 Town Patrol
39:56 Architecture
39:23 Elite Plumed Archer
40:16 Elite Skirmisher
40:59 Hul'che Javelineers
46:57 Crossbowman
47:55 Arbalester
50:12 Crop Rotation
50:28 Squires
50:13 Arson
49:49 Eagle Warrior
50:32 Scale Mail Armor
52:10 Holcans
52:39 Chain Mail Armor
51:51 Elite Eagle Warrior
54:13 Plate Mail Armor
54:56 Forging
56:25 Caravan
58:06 Iron Casting
God Of The Sea People
10:43 Feudal Age
14:55 Castle Age
13:23 Double-Bit Axe
16:01 Bow Saw
15:32 Horse Collar
16:31 Loom
22:31 Gold Mining
22:44 Fletching
22:52 Crossbowman
23:52 Bodkin Arrow
23:58 Padded Archer Armor
26:44 Wheelbarrow
26:56 Ballistics
26:37 Padded Archer Armor
27:40 Leather Archer Armor
29:10 Hand Cart
33:13 Imperial Age
32:43 Pikeman
33:25 Squires
33:26 Scale Mail Armor
34:01 Bracer
35:03 Chemistry
33:34 Arbalester
35:33 Ring Archer Armor
35:21 Halberdier
37:10 Chain Mail Armor
37:06 Forging
37:57 Heavy Plow
39:19 Plate Mail Armor
41:05 Iron Casting
43:01 Blast Furnace
43:30 Yeomen
43:11 Warwolf
46:12 Warwolf
52:21 Two-Man Saw
52:50 Caravan
IVIUSTANG
11:18 Feudal Age
9:35 Loom
12:33 Double-Bit Axe
13:35 Fletching
23:17 Castle Age
22:01 Gold Mining
22:02 Stone Mining
24:40 Bow Saw
25:47 Wheelbarrow
31:03 Imperial Age
30:47 Horse Collar
34:47 Scale Mail Armor
38:11 Chain Mail Armor
38:50 Forging
39:51 Plate Mail Armor
40:26 Iron Casting
40:44 Hand Cart
40:14 Town Watch
40:54 Conscription
40:55 Heavy Plow
41:01 Elite Chakram Thrower
41:54 Bodkin Arrow
43:21 Bloodlines
43:12 Husbandry
43:19 Scale Barding Armor
43:57 Kshatriyas
44:27 Hoardings
43:48 Light Cavalry
44:50 Chain Barding Armor
44:39 Hussar
46:19 Plate Barding Armor
46:43 Gold Shaft Mining
47:09 Masonry
47:21 Ballistics
49:09 Arson
56:16 Caravan
57:08 Coinage
57:14 Architecture
57:20 Bracer
Boomer
10:02 Feudal Age
13:42 Castle Age
11:51 Double-Bit Axe
12:11 Horse Collar
14:36 Bow Saw
15:31 Heavy Plow
19:49 Wheelbarrow
19:00 Loom
22:00 Hand Cart
22:48 Town Watch
25:08 Gold Mining
28:31 Imperial Age
26:07 Stone Mining
26:49 Scale Barding Armor
27:34 Bloodlines
27:24 Husbandry
27:37 Forging
28:35 Chain Barding Armor
29:04 Silk Armor
29:44 Iron Casting
30:10 Plate Barding Armor
31:47 Blast Furnace
30:37 Fletching
31:09 Conscription
31:09 Elite Keshik
33:07 Timurid Siegecraft
33:35 Silk Armor
34:32 Bodkin Arrow
35:34 Gold Shaft Mining
36:23 Bracer
36:58 Guilds
37:19 Coinage
36:51 Light Cavalry
38:25 Ballistics
38:16 Masonry
38:32 Siege Engineers
39:34 Chemistry
38:44 Hussar
39:52 Town Patrol
40:59 Banking
42:00 Padded Archer Armor
42:54 Murder Holes
42:39 Treadmill Crane
42:50 Guard Tower
43:16 Leather Archer Armor
43:02 Scale Mail Armor
46:06 Ring Archer Armor
53:12 Caravan
Oldspice
10:52 Feudal Age
14:37 Castle Age
14:06 Double-Bit Axe
14:05 Horse Collar
22:19 Loom
23:10 Wheelbarrow
22:38 Fletching
25:43 Bodkin Arrow
26:33 Ballistics
29:54 Imperial Age
29:03 Bow Saw
29:44 Gold Mining
33:08 Chemistry
33:00 Bracer
39:51 Elite War Wagon
41:37 Hand Cart
48:17 Shinkichon
47:43 Pikeman
48:24 Squires
48:25 Scale Mail Armor
48:35 Forging
48:58 Halberdier
49:27 Heavy Rocket Cart
50:19 Caravan
52:09 Chain Mail Armor
53:57 Plate Mail Armor
57:37 Eupseong
57:58 Arrowslits
58:26 Masonry
Connection lost

Rejoining the realm…

Still unreachable

The connection could not be restored.

Session expired

The server has moved on; the page needs a fresh start.